 Dungeon Crawl Stone Soup version 0.29-a0-982-gaed3a0c8d8 (webtiles) character file.

Game seed: 8714247060420373522

9 ytrimaz the Trooper (level 2, 24/24 HPs)
             Began as a Demonspawn Fighter on Aug 1, 2022.
             Quit the game on level 1 of the Dungeon.
             The game lasted 00:00:32 (344 turns).

ytrimaz the Trooper (Demonspawn Fighter)             Turns: 344, Time: 00:00:33

Health: 24/24      AC:  6    Str: 16    XL:     2   Next: 3%
Magic:  2/2        EV:  8    Int:  9    God:
Gold:   33         SH:  4    Dex: 12    Spells: 1/1 levels left

rFire   . . .      SeeInvis +   a - +0 war axe
rCold   . . .      Faith    .   c - +0 buckler
rNeg    . . .      Spirit   .   b - +0 scale mail
rPois   .          Reflect  .   (no helmet)
rElec   .          Harm     .   (no cloak)
rCorr   .          Rampage  .   (no gloves)
Will    .....                   (no boots)
Stlth   ..........              (no amulet)
HPRegen 0.08/turn               f - ring of see invisible
MPRegen 0.08/turn               (no ring)

@: no status effects
A: demonic magic 1
a: no special abilities


You were on level 1 of the Dungeon.
You visited 1 branch of the dungeon, and saw 1 of its levels.

You collected 33 gold pieces.

Inventory:

Hand Weapons
 a - a +0 war axe (weapon)
Armour
 b - a +0 scale mail (worn)
 c - a +0 buckler (worn)
Jewellery
 f - a ring of see invisible (left hand)
Scrolls
 e - a scroll of enchant weapon {unknown}
 g - a scroll of summoning {unknown}
Potions
 d - a potion of might
 h - a potion of ambrosia {unknown}


   Skills:
 + Level 3.2 Fighting
 + Level 1.8 Axes
 + Level 2.8 Armour
 + Level 2.8 Shields


You had one spell level left.
You didn't know any spells.
Your spell library was empty.

Dungeon Overview and Level Annotations

Branches:
Dungeon (1/15)

Altars:


Innate Abilities, Weirdness & Mutations

Spells you cast may paralyse adjacent enemies.


Message History

The endoplasm quivers.
An endoplasm is nearby!
An endoplasm is nearby!
You see here 6 gold pieces.
You now have 33 gold pieces (gained 6).
You slash the endoplasm!
You kill the endoplasm!
A bat comes into view.
A bat is nearby!
A bat is nearby!
A bat is nearby!
The bat barely misses you.
You hit the bat.
You kill the bat!
Found a stone staircase leading down.
You open the door.
A kobold comes into view. It is wielding a +0 club.
The kobold shouts!
The kobold throws a stone.
You block the stone.
A kobold is nearby!
A kobold is nearby!
There is an open door here.
The kobold closely misses you.
You slash the kobold!
You kill the kobold!
You have reached level 2!
Your demonic ancestry asserts itself...
A menacing aura infuses your magic.
You see here a +1 hat.
You open the door.
There is an open door here.
A frilled lizard comes into view.
The frilled lizard hisses angrily.
A frilled lizard is nearby!
A frilled lizard is nearby!
A frilled lizard is nearby!
A frilled lizard is nearby!
Search for what [? for help]?
Okay, then.
Are you sure you want to abandon this character and quit the game? (Confirm with "yes".)

#.#.......#.....
#.##......#####
#.######### ##
#.### #. #...###
##. ###...# #..
#...# ##.. #...#
#... #@..# #...
.....l....# ####
..........#
..........#
..........#
..........#
..........#
..........#


You could see a frilled lizard.

Vanquished Creatures
  A bat (D:1)
  An endoplasm (D:1)
  A goblin (D:1)
  2 kobolds (D:1)
  A quokka (D:1)
  A rat (D:1)
7 creatures vanquished.

Notes
Turn   | Place    | Note
-------+----------+-------------------------------------------
     0 | D:1      | ytrimaz the Demonspawn Fighter began the quest for the Orb.
     0 | D:1      | Reached XP level 1. HP: 18/18 MP: 1/1
   317 | D:1      | Gained mutation: Spells you cast may paralyse adjacent
                  | enemies. [demonic ancestry]
   317 | D:1      | Reached XP level 2. HP: 24/24 MP: 2/2
   344 | D:1      | Quit the game

Illustrated notes

Levels and vault maps discovered:
D:1:      zaba_arrival_water, layout_basic, hellmonk_ecumenical_altar_zigzags

Action                   || total
-------------------------++-------
Melee: War axe           ||    13
Armor: Scale mail        ||     5
Dodge: Dodged            ||     5
Block: Buckler           ||     1

Table legend: (Time is in decaauts)
 A = Elapsed time spent in this place.
 B = Non-inter-level travel time spent in this place.
 C = Inter-level travel time spent in this place.
 D = Time resting spent in this place.
 E = Time spent auto-exploring this place.
 F = Levels seen in this place.
 G = Mean time per level.
                   A        B        C        D        E       F      G
               +--------+--------+--------+--------+--------+-----+--------+
         Total |    355 |    355 |      0 |      0 |    295 |   1 |  355.0 |
       Dungeon |    355 |    355 |      0 |      0 |    295 |   1 |  355.0 |
               +--------+--------+--------+--------+--------+-----+--------+

Top non-repeatable levels by time:
     D:1: 355 daAuts
